Unix NetHack Version 5.0.0-0 post-release - last build Jun 10 2026 00:39:30 (3ee93aec679c4c4259841fe613dc97188e26a321,branch:main).

Game began 2026-06-25 22:27:11, ended 2026-06-26 22:09:46.

Felix1, neutral male gnomish Wizard

                              --------
                          ####-..(...|
                          #   |......|
                         ##   |......|
          ------------ ###    |......|
          |......*..<|##      -----o--
          |...........#           @#
          |..........|            #
          |..........|            )        ----------
          ------------           ##        .........|
                                [#        |.......=.|
                                #        #..........|
                                #        #|.........|
                              --.-----   # .........|
                              |.....(| ###  ........+
                              |......| #    ---------
                              |.%>....##
                              --------

Felix1 the Thaumaturge    St:12 Dx:15 Co:15 In:17 Wi:10 Ch:8  Neutral
Dlvl:6  $:103 HP:0(41) Pw:1(60) AC:9  Xp:6 T:3430 

Latest messages:
 The killer bee stings!
 The killer bee stings!
 You hit the killer bee!
 The killer bee turns to flee.
 The sewer rat bites!
 In what direction? 2
 The spell hits the sewer rat!
 You kill the sewer rat!
 The killer bee stings!
 The killer bee stings!
 In what direction? 2
 The spell hits the killer bee!
 You kill the killer bee!
 You see here a large box.
 In what direction? .
 Hmmm, the large box turns out to be locked.
 In what direction? 4
 The spell hits the wood nymph!
 You kill the wood nymph!
 A black potion shatters!
 You see here a wood nymph corpse.
 You are carrying too much to get through.
 You are carrying too much to get through.
 You find a hidden passage.
 The giant beetle bites!
 In what direction? 4
 The giant beetle bites!
 The giant beetle bites!
 b - an uncursed +0 cloak of magic resistance (being worn).
 You see here a wood nymph corpse.
 In what direction? 8
 The spell hits the Uruk-hai!
 The Uruk-hai hits!
 In what direction? 8
 The spell misses the Uruk-hai.
 In what direction? 8
 The spell hits the Uruk-hai!
 You kill the Uruk-hai!
 In what direction? 9
 The spell hits the Uruk-hai!
 The Uruk-hai hits!
 In what direction? 9
 The spell hits the Uruk-hai!
 You kill the Uruk-hai!
 You see here a bow.
 The Uruk-hai wields a crude short sword!
 The Uruk-hai thrusts his crude short sword.
 The Uruk-hai hits!
 You die...
 Do you want your possessions identified? [ynq] (y) q

Inventory:
 Coins    ('$')
  $ - 103 gold pieces
 Amulets  ('"')
  E - an uncursed amulet of unchanging
 Weapons  (')')
  a - a blessed burnt +1 quarterstaff (weapon in hands)
 Armor    ('[')
  b - an uncursed +0 cloak of magic resistance (being worn)
  D - a cursed +0 elven mithril-coat
 Comestibles  ('%')
  t - an uncursed clove of garlic
  n - 5 uncursed food rations
 Scrolls  ('?')
  w - an uncursed scroll of confuse monster
  p - an uncursed scroll of earth
  h - an uncursed scroll of enchant armor
  C - an uncursed scroll of gold detection
  i - 2 uncursed scrolls of identify
  q - a blessed scroll of stinking cloud
  B - an uncursed scroll of taming
  x - an uncursed scroll of teleportation
 Spellbooks  ('+')
  u - an uncursed spellbook of confuse monster
  k - an uncursed spellbook of cure blindness
  j - a blessed spellbook of force bolt
 Potions  ('!')
  g - a blessed potion of confusion
  s - an uncursed potion of monster detection
  o - a cursed potion of monster detection
  F - an uncursed potion of oil
  z - a potion of holy water
  H - an uncursed potion of water
 Rings    ('=')
  d - an uncursed ring of cold resistance
  e - an uncursed +2 ring of gain constitution
 Wands    ('/')
  v - a wand of nothing (0:15)
  c - a wand of speed monster (0:6)
 Tools    ('(')
  l - a magic marker (0:19)
  A - an uncursed oil lamp
  r - a cursed tallow candle

Felix1 the Wizard's attributes:

Background:
 You were a Thaumaturge, a level 6 male gnomish Wizard.
 You were neutral, nominally on a mission for Thoth
 who was opposed by Ptah (lawful) and Anhur (chaotic).
 You were right-handed.
 You were in the Dungeons of Doom, on level 6.
 You entered the dungeon 3430 turns ago.
 It was nighttime.
 You had 427 experience points, 213 more were needed to attain level 7.

Basics:
 You had 0 out of 41 hit points.
 You had 1 out of 60 energy points (spell power).
 Your armor class was 9.
 Your wallet contained 103 zorkmids.
 Autopickup was off.

Final Characteristics:
 Your strength was 12 (limit:18/50).
 Your dexterity was 15 (limit:18).
 Your constitution was 15 (limit:18).
 Your intelligence was 17 (limit:19).
 Your wisdom was 10 (peak:11, limit:18).
 Your charisma was 8 (limit:18).

Final Status:
 You weren't hungry.
 You were unencumbered.
 You were wielding a quarterstaff.
 You had basic skill with quarterstaff.

Final Attributes:
 You were piously aligned.
 You were magic-protected.
 You were telepathic.
 You had infravision.
 You were warded.
 You are dead.

Miscellaneous:
 You didn't encounter any bones levels.
 Total elapsed playing time was 27 minutes and 29 seconds.

Major events:
 Turn
    1: Felix1 the neutral male gnomish Wizard entered the dungeon
  665: attained the rank of Conjurer (level 3)
  974: entered the Gnomish Mines
 3214: attained the rank of Thaumaturge (level 6)
 3430: killed by an Uruk-hai

Spells:
 Name                 Level Category     Fail Retention
 force bolt             1   attack         0%   81%-90%
 cure blindness         2   healing       40%  76%-100%

Skills:
 Fighting Skills
   bare handed combat [Unskilled]
   riding             [Unskilled]
 Weapon Skills
   dagger             [Unskilled]
   knife              [Unskilled]
   axe                [Unskilled]
   short sword        [Unskilled]
   club               [Unskilled]
   mace               [Unskilled]
   quarterstaff       [Basic]
   polearms           [Unskilled]
   spear              [Unskilled]
   trident            [Unskilled]
   sling              [Unskilled]
   dart               [Unskilled]
   shuriken           [Unskilled]
 Spellcasting Skills
   attack spells      [Basic]
   healing spells     [Unskilled]
   divination spells  [Unskilled]
   enchantment spells [Basic]
   clerical spells    [Unskilled]
   escape spells      [Unskilled]
   matter spells      [Unskilled]

Voluntary challenges:
 Character rerolling was not enabled.
 You were an atheist.
 You were illiterate.
 You never genocided any monsters.
 You never polymorphed an object.
 You used no wishes.
Achievements:
 You entered a shop.
 You attained the rank of Conjurer.
 You entered the Gnomish Mines.
 You attained the rank of Thaumaturge.

 The Dungeons of Doom: levels 1 to 6
    Level 1:
    Level 2:
       A general store.
       Stairs down to The Gnomish Mines.
    Level 3:
    Level 4:
    Level 5:
       A general store.
    Level 6: <- You were here.
       Final resting place for
          you, killed by an Uruk-hai.
 The Gnomish Mines:
    Level 3:


Vanquished creatures:
  a large mimic
  a small mimic
  a quivering blob
 an imp
  a wood nymph
  a water nymph
  2 Uruk-hai
  a kobold mummy
  a gray ooze
  2 elf zombies
  2 floating eyes
  a kitten
  a giant bat
  a monkey
  4 dwarf zombies
  2 iguanas
  a killer bee
  2 hobbits
  2 manes
  3 hobgoblins
  2 giant rats
  a cave spider
  a brown mold
  a yellow mold
  a green mold
  a red mold
  a gnome zombie
  2 geckos
  4 jackals
  a fox
  2 goblins
  a sewer rat
  7 grid bugs
  5 lichens
  a kobold zombie
  9 newts
71 creatures vanquished.

No species were genocided or became extinct.

Game over:
                       ----------
                      /          \
                     /    REST    \
                    /      IN      \
                   /     PEACE      \
                  /                  \
                  |      Felix1      |
                  |      103 Au      |
                  |   killed by an   |
                  |     Uruk-hai     |
                  |                  |
                  |                  |
                  |       2026       |
                 *|     *  *  *      | *
        _________)/\\_//(\/(/\)/\//\/|_)_______

Goodbye Felix1 the Wizard...

You died in The Dungeons of Doom on dungeon level 6 with 2051 points,
and 103 pieces of gold, after 3430 moves.
You were level 6 with a maximum of 41 hit points when you died.

